 Dungeon Crawl Stone Soup version 0.31-a0-121-g1e386dd289 (webtiles) character file.

Game seed: 17127976652289236296

44 juan097 the Shield-Bearer (level 3, -11/29 HPs)
             Began as a Formicid Fighter on May 31, 2023.
             Mangled by an iguana (19 damage)
             ... on level 4 of the Dungeon.
             The game lasted 00:02:28 (991 turns).

juan097 the Shield-Bearer (Formicid Fighter)         Turns: 991, Time: 00:02:29

Health: -11/29     AC:  6    Str: 22    XL:     3   Next: 85%
Magic:  3/3        EV:  2    Int:  7    God:
Gold:   53         SH:  0    Dex: 13    Spells: 2/2 levels left

rFire   . . .        a - +0 flail
rCold   . . .        c - +0 buckler
rNeg    . . .        b - +0 scale mail
rPois   .            (helmet unavailable)
rElec   .            (no cloak)
rCorr   .            (no gloves)
SInv    +            (no boots)
Will    .....        (no amulet) Stlth
                     (no ring)
HPRegen 0.24/turn    (no ring)
MPRegen 0.08/turn

%: no passive effects
@: sleeping
A: permanent stasis, dig shafts and tunnels, antennae 3, four strong arms
a: Dig, Shaft Self


You were on level 4 of the Dungeon.
You visited 1 branch of the dungeon, and saw 3 of its levels.

You collected 53 gold pieces.

Inventory:

Hand Weapons
 a - a +0 flail (weapon)
Armour
 b - a +0 scale mail (worn)
 c - a +0 buckler (worn)
Scrolls
 e - a scroll of enchant weapon {unknown}
 f - a scroll of noise {unknown}
 g - 2 scrolls of poison {unknown}
 h - a scroll of vulnerability {unknown}
 i - a scroll of identify {unknown}
Potions
 d - 2 potions of might


   Skills:
 + Level 3.6 Fighting
 * Level 2.6 Maces & Flails
 + Level 3.5 Armour
 + Level 1.6 Stealth
 + Level 4.3 Shields


You had 2 spell levels left.
You didn't know any spells.
Your spell library was empty.

Dungeon Overview and Level Annotations

Branches:
Dungeon (2/15)

Altars:
Ashenzari


Innate Abilities, Weirdness & Mutations

You cannot be hasted, slowed, berserked, paralysed or teleported.
You can dig through walls and to a lower floor.
You have a pair of large antennae on your head. (SInv)
Your four strong arms can wield two-handed weapons with a shield.


Message History

You see here a scroll labelled DIDINT ISOI.
A ball python comes into view.
The ball python hisses angrily.
You see here a scroll labelled DIDINT ISOI.
You thump the goblin!
You kill the goblin!
Things that are here:
a +0 club; a goblin corpse You barely miss the ball python.
The ball python barely misses you. The ball python grabs you.
The ball python constricts you.
* * * LOW HITPOINT WARNING * * *
You sock the ball python!
You kill the ball python!
You start resting.
You sense a monster nearby.
You start resting.
You sense a monster nearby.
You start resting.
An iguana comes into view.
The iguana hisses angrily.
Things that are here:
a +0 club; a goblin corpse
i - a scroll labelled DIDINT ISOI A sleepcap comes into view.
You barely miss the iguana. You block the iguana's attack.
The sleepcap misses you.
The iguana bites you but does no damage.
You hit the iguana.
The iguana is lightly wounded.
The iguana barely misses you.
The sleepcap releases spores at you but does no damage.
You hit the sleepcap.
The sleepcap is lightly damaged.
The iguana bites you! The sleepcap releases spores at you.
* * * LOW HITPOINT WARNING * * *
You are engulfed in a cloud of soporific spores!
You fall asleep.
The iguana bites you!!
Ouch! That really hurt!
You die...

../..[....#
.........# #
........# ..
........# ... ......#
.!.. .....##
.....##.#...####
........##.....##
.....##f@l..##.{##...
... ######......... .
#####.#... {


You could see a sleepcap and an iguana.

Vanquished Creatures
  A worm (D:2)
  A dart slug (D:1)
  4 endoplasms (D:1)
  A giant cockroach (D:1)
  3 goblins
  2 hobgoblins
  4 kobolds (D:1)
  A quokka (D:1)
  7 ball pythons
  4 bats (D:1)
  4 frilled lizards
  6 rats
38 creatures vanquished.

Notes
Turn   | Place    | Note
-------+----------+-------------------------------------------
     0 | D:1      | juan097 the Formicid Fighter began the quest for the Orb.
     0 | D:1      | Reached XP level 1. HP: 18/18 MP: 1/1
    93 | D:1      | Reached XP level 2. HP: 21/24 MP: 2/2
   141 | D:1      | Reached skill level 1 in Stealth
   174 | D:1      | Reached XP level 3. HP: 29/29 MP: 3/3
   835 | D:2      | Found a broken altar of Ashenzari.
   925 | D:2      | You fall into a shaft and drop 2 floors!
   991 | D:4      | Mangled by an iguana

Illustrated notes

Levels and vault maps discovered:
D:1:      lemuel_arrival_tunnels, layout_basic, minmay_shallow_snake_nest
D:2:      layout_loops_ring, basic_altar,
          dreamdust_ecumenical_altar_hidden_monk_grotto, hangedman_glass_teeth,
          grunt_ministairs_7
D:4:      layout_rooms, grunt_decor_fettered, uniq_sigmund

Skill      XL: |  1  2 |
---------------+-------+-----
Stealth        | 1 |  1.6
Fighting       | |  3.6
Maces & Flails | |  2.6
Armour         | |  3.5
Shields        | |  4.3

Action                     || total
---------------------------++-------
  Melee: Flail             ||    97
Ability: Shaft Self        ||     1
 Armour: Scale mail        ||    39
  Dodge: Dodged            ||    45
  Block: Buckler           ||    23

Table legend: (Time is in decaauts)
 A = Elapsed time spent in this place.
 B = Non-inter-level travel time spent in this place.
 C = Inter-level travel time spent in this place.
 D = Time resting spent in this place.
 E = Time spent auto-exploring this place.
 F = Levels seen in this place.
 G = Mean time per level.
                   A        B        C        D        E       F      G
               +--------+--------+--------+--------+--------+-----+--------+
         Total |   1021 |   1006 |     15 |     39 |    704 |   3 |  340.3 |
       Dungeon |   1021 |   1006 |     15 |     39 |    704 |   3 |  340.3 |
               +--------+--------+--------+--------+--------+-----+--------+

Top non-repeatable levels by time:
     D:1: 830 daAuts
     D:2: 123 daAuts
     D:4: 67 daAuts
